 Dungeon Crawl Stone Soup version 0.20.0-15-g7f486f2 (webtiles) character file.

49 Cqwertzu the Changer (level 3, -1/26 HPs)
             Began as a Merfolk Transmuter on June 26, 2017.
             Killed from afar by Sigmund (8 damage)
             ... with a magic dart
             ... on level 3 of the Dungeon.
             The game lasted 00:04:06 (1842 turns).

Cqwertzu the Changer (Merfolk Transmuter)           Turns: 1842, Time: 00:04:06

Health: -1/26      AC:  3    Str: 10    XL:     3   Next: 77%
Magic:  6/6        EV: 13    Int: 12    God:
Gold:   31         SH:  0    Dex: 15    Spells: 0/6 levels left

rFire    . . .     SeeInvis .     - Unarmed
rCold    . . .     Gourm    .   (no shield)
rNeg     . . .     Faith    .   b - +1 robe
rPois    .         Spirit   .   (no helmet)
rElec    .         Reflect  .   (no cloak)
rCorr    .         Harm     .   (no gloves)
MR       .....                  (no boots)
Stlth    +.........             (no amulet)
Regen    0.1/turn               (no ring)
MPRegen  0.1/turn               (no ring)

@: no status effects
A: change form in water, swift swim, stealthy swim
a: no special abilities


You were on level 3 of the Dungeon.
You were hungry.

You visited 1 branch of the dungeon, and saw 3 of its levels.

You collected 31 gold pieces.

Inventory:

Missiles
 a - 36 arrows
Armour
 b - a +1 robe (worn)
 f - a +0 pair of gloves of dexterity
Scrolls
 e - a scroll of remove curse
 i - a scroll of identify
 l - a scroll of teleportation
Potions
 g - a potion of magic
 h - a potion of curing {unknown}
 j - a potion of berserk rage {unknown}
Books
 c - a book of Changes

   Spells                             Type                      Level
   a - Beastly Appendage              Transmutation                1
   b - Sticks to Snakes               Transmutation                2
   c - Spider Form                    Transmutation/Poison         3
   d - Ice Form                       Ice/Transmutation            4
   e - Blade Hands                    Transmutation                5
Comestibles
 d - 2 bread rations
 k - a fruit


   Skills:
 - Level 1.1 Fighting
 - Level 2.6 Dodging
 - Level 3.2 Unarmed Combat
 - Level 2.0 Spellcasting
 + Level 5.3 Transmutations


You couldn't memorise any spells.
You knew the following spells:

 Your Spells              Type           Power        Failure   Level  Hunger
a - Beastly Appendage     Tmut           ##....       3%          1    ##.....
b - Sticks to Snakes      Tmut           ##......     4%          2    ###....
c - Spider Form           Tmut/Pois      #.........   26%         3    ####...


Dungeon Overview and Level Annotations

Branches:
Dungeon (3/15)

Altars:
Gozag
Makhleb

Annotations:
D:3 Sigmund


Message History

You hear some strange, mumbled words.
Something tries to affect you, but you resist.
You hear some strange, mumbled words.
A puff of flame appears from out of thin air!
The puff of flame misses you. Something barely misses you. Something hits you.
You feel less confused. Something hits you.
A magic dart appears from out of thin air!
The magic dart hits you!
A magic dart appears from out of thin air!
The magic dart hits you!
* * * LOW HITPOINT WARNING * * *
You hear some strange, mumbled words.
Something tries to affect you, but you resist.
You hear some strange, mumbled words.
Something tries to affect you, but you resist.
A magic dart appears from out of thin air!
The magic dart hits you!
You die...

#.# #.# ######.###.#
.........#.#
##.....#.#.#
#.####....# #.#
#....### #.#
#......# #.#
##.###.#############
#.# #.#
#.{..@.<....... #.#
#.# #..############
..# #.# #..# ### #.#
#..# ..# #..# #...
#.## #.# ..


There were no monsters in sight!

Vanquished Creatures
  An ooze (D:1)
  3 worms (D:2)
  3 leopard geckos (D:2)
  2 giant cockroaches
  A goblin (D:1)
  7 hobgoblins
  A ball python (D:2)
  3 bats
  3 frilled lizards
  5 kobolds
  5 rats
34 creatures vanquished.

Notes
Turn   | Place    | Note
-------+----------+-------------------------------------------
     0 | D:1      | Cqwertzu the Merfolk Transmuter began the quest for the Orb.
     0 | D:1      | Reached XP level 1. HP: 15/15 MP: 3/3
    75 | D:1      | Reached skill level 3 in Transmutations
    82 | D:1      | Reached XP level 2. HP: 9/21 MP: 3/5
    98 | D:1      | Learned a level 2 spell: Sticks to Snakes
   372 | D:1      | Reached skill level 4 in Transmutations
   797 | D:2      | Reached XP level 3. HP: 19/26 MP: 6/6
   802 | D:2      | Learned a level 3 spell: Spider Form
  1227 | D:2      | Reached skill level 5 in Transmutations
  1255 | D:2      | You fall through a shaft!
  1255 | D:3      | Found a burning altar of Makhleb.
  1255 | D:3      | Found an opulent altar of Gozag.
  1820 | D:3      | Noticed Sigmund
  1842 | D:3      | Killed from afar by Sigmund

Skill      XL: |  1  2  3 |
---------------+----------+-----
Transmutations | 3 4 5 |  5.3
Fighting       | |  1.1
Dodging        | |  2.6
Unarmed Combat | |  3.2
Spellcasting   | |  2.0

Action                   || total
-------------------------++-------
Melee: Unarmed           ||   142
       Headbutt          ||     2
       Punch             ||     1
 Cast: Beastly Appendage ||     4
       Sticks to Snakes  ||     1
       Spider Form       ||     8
  Use: Scroll            ||     8
 Stab: Sleeping          ||     1
  Eat: Chunk             ||     4
Armor: Robe              ||    17
Dodge: Dodged            ||    97
